Map: Rohana LE

Players

Ekelpack

  • Race: Zerg Zerg
  • Spawn Location: 9:00

Nyck

  • Race: Terran Terran
  • Spawn Location: 11:00

ZOMBIE - Winner!

  • Race: Zerg Zerg
  • League: Platinum
  • Spawn Location: 5:00

casicomoclem - Winner!

  • Race: Zerg Zerg
  • League: Platinum
  • Spawn Location: 3:00

VOD

Have the link to the VOD?

Description

Time

  • Played on: Feb. 25, 2025, 12:50 p.m.
  • Length: 15:59
Show
View Real Time Build Order
Export as new Build Order

Ekelpack Zerg 

Build Orders: Hatch First 

Get SALT Encoding   

  12  0:00  Drone  
  13  0:12  Overlord  
  13  0:17  Drone  
  14  0:30  Drone  
  14  0:31  Drone  
  16  0:36  Drone  
  17  0:53  Drone  
  17  0:56  Extractor  
  17  0:57  Hatchery  
  17  1:02  Drone  
  17  1:12  Spawning Pool  
  17  1:15  Drone  
  17  1:21  Drone  
  18  1:30  Drone  
  19  1:38  Drone  
  20  2:00  Queen  
  22  2:03  Metabolic Boost  
  22  2:09  Queen  
  22  2:14  Drone  
  22  2:15  Drone  
  26  2:16  Drone  
  26  2:18  Drone  
  28  2:25  Overlord  
  28  2:44  Queen  
  28  2:50  Zergling x4  
  32  2:55  Zergling x4  
  32  2:58  Zergling x2  
  35  3:00  Zergling x2  
  36  3:07  Spine Crawler  
  35  3:18  Zergling x2  
  35  3:19  Overlord  
  34  3:28  Zergling x4  
  34  3:29  Overlord  
  32  3:43  Zergling x12  
  32  3:44  Zergling x2  
  39  3:57  Zergling x8  
  42  4:13  Lair  
  42  4:15  Overlord  
  42  4:17  Drone x2  
  42  4:18  Drone  
  45  4:25  Extractor  
  45  4:27  Extractor  
  45  4:30  Extractor  
  42  4:32  Drone x3  
  42  4:34  Drone x2  
  47  4:44  Drone x3  
  50  4:52  Zergling x4  
  52  4:53  Zergling x6  
  55  5:07  Drone  
  56  5:09  Drone x2  
  58  5:30  Spine Crawler  
  58  5:31  Spine Crawler  
  58  5:32  Spine Crawler, Drone  
  58  5:33  Drone x2  
  58  5:45  Spire  
  58  5:47  Drone x3  
  60  5:50  Overlord x2  
  60  5:51  Overlord  
  60  6:03  Hatchery  
  59  6:10  Drone x3  
  62  6:21  Drone x2  
  64  6:28  Drone x2  
  66  6:35  Extractor  
  66  6:36  Extractor  
  64  6:42  Overlord x3  
  64  6:43  Overlord  
  64  6:51  Overseer  
  64  6:56  Overlord x2  
  64  7:04  Zerg Flyer Weapons Level 1, Mutalisk x3  
  70  7:18  Drone x4  
  70  7:19  Drone x4  
  78  7:31  Drone x5  
  83  7:40  Drone x3  
  83  7:41  Drone  
  83  7:43  Drone  
  88  7:55  Mutalisk  
  88  7:56  Mutalisk x5  
  100  8:01  Mutalisk  
  100  8:03  Mutalisk  
  104  8:07  Mutalisk x2  
  108  8:14  Mutalisk x2  
  112  8:23  Mutalisk x4  
  120  8:30  Infestation Pit  
  119  9:03  Zerg Flyer Weapons Level 2  
  119  9:06  Hive  
  119  9:16  Mutalisk x2  
  119  9:17  Mutalisk x6  
  121  9:18  Overlord x4  
  135  9:53  Spore Crawler  
  135  9:54  Spore Crawler  
  135  9:56  Drone x2  
  135  9:58  Spore Crawler  
  135  9:59  Spore Crawler  
  133  10:00  Drone x2  
  135  10:07  Overlord x2, Mutalisk x3  
  135  10:08  Mutalisk x5  
  151  10:15  Zergling x10  
  154  10:49  Mutalisk x5  
  158  10:50  Mutalisk x2  
  158  10:51  Overlord x3  
  168  11:02  Spore Crawler  
  167  11:05  Zergling x4  
  167  11:06  Zergling x10, Overlord x2  
  174  11:19  Zerg Flyer Armor Level 1  
  169  11:42  Zergling x12  
  169  11:43  Zergling x8  
  167  12:08  Mutalisk x6  
  161  12:09  Mutalisk x2  
  177  12:40  Adrenal Glands  
  177  12:42  Zergling x12  
  177  12:43  Zergling x6  
  166  13:20  Mutalisk x3  
  166  13:21  Mutalisk x5  
  180  13:33  Mutalisk x2  
  180  13:34  Mutalisk x2  
  182  13:40  Infestor  
  155  14:02  Infestor x2  
  153  14:18  Zergling x6  
  153  14:19  Zergling x12  
  153  14:20  Zergling x10  
  153  14:21  Zergling x4  
  169  14:33  Zergling x10  
  174  14:56  Zergling x6  
  174  14:57  Zergling x12  
  183  15:32  Zergling x8  
  183  15:33  Zergling x12  
  183  15:34  Zergling x4  
Show
View Real Time Build Order
Export as new Build Order

Nyck Terran 

Build Orders:  

Get SALT Encoding   

  12  0:00  SCV  
  13  0:12  SCV  
  14  0:17  Supply Depot  
  14  0:24  SCV  
  15  0:39  SCV  
  15  0:41  Barracks  
  16  0:47  Refinery  
  16  0:52  SCV  
  17  1:04  SCV  
  18  1:16  SCV  
  19  1:28  SCV  
  19  1:30  Barracks  
  20  1:34  Reaper  
  20  1:37  Supply Depot  
  21  1:43  Orbital Command  
  21  2:07  Command Center  
  21  2:12  SCV  
  22  2:17  Barracks Tech Lab  
  22  2:20  Barracks Reactor  
  22  2:24  SCV  
  22  2:25  Refinery  
  22  2:44  Marine  
  6  2:59  Marine x2  
  6  3:05  SCV  
  8  3:08  Marine  
  1  3:27  SCV  
  2  3:37  Marine x2  
  2  3:38  Marine  
  3  3:58  SCV  
  4  4:17  SCV  
  5  4:29  SCV  
  6  4:32  Supply Depot  
  6  4:38  Supply Depot  
  6  4:43  SCV  
  7  4:55  Marine x2  
  7  4:57  Marine  
  10  5:00  SCV  
  10  5:05  Combat Shield  
  11  5:12  SCV  
  12  5:18  Marine  
  12  5:19  Marine  
  12  5:20  Marine  
  15  5:25  SCV  
  16  5:37  Marine  
  16  5:42  Marine  
  18  5:44  SCV  
  19  5:56  Engineering Bay  
  19  6:04  SCV  
  20  6:16  SCV  
  21  6:26  Terran Infantry Armor Level 1  
  21  6:32  SCV  
  22  6:40  Marine x2  
  22  6:41  Marine  
  22  6:44  SCV  
  26  6:59  Factory  
  26  7:02  SCV  
  27  7:14  SCV  
  28  7:34  SCV  
  29  7:38  Refinery  
  29  7:44  Starport  
  29  7:45  Factory Tech Lab  
  29  7:48  SCV  
  30  8:03  SCV  
  31  8:17  SCV  
  32  8:27  Supply Depot  
  32  8:33  SCV  
  33  8:36  Terran Infantry Weapons Level 1  
  33  8:42  Fusion Core  
  33  9:00  SCV  
  34  9:12  SCV  
  35  9:30  Missile Turret  
  35  9:32  Battlecruiser  
  41  9:44  Armory  
  41  9:53  Command Center  
  41  9:58  SCV  
  42  10:22  SCV  
  43  10:34  Terran Vehicle And Ship Armor Level 1  
  43  10:46  SCV  
  44  11:05  Battlecruiser  
  44  11:06  Orbital Command  
  44  11:09  Command Center  
  50  11:24  SCV  
  51  11:31  Terran Infantry Armor Level 2  
  2  12:27  Orbital Command  
  2  12:29  Command Center  
  2  13:30  SCV  
  3  13:39  Orbital Command  
  3  13:52  SCV  
  4  13:57  Missile Turret  
  4  14:04  SCV  
  4  14:28  SCV  
  5  14:40  SCV  
  5  14:43  Orbital Command  
  6  14:52  SCV  
  7  15:04  SCV  
  8  15:10  SCV  
  9  15:17  SCV  
  16  15:22  SCV  
  17  15:29  SCV, Missile Turret  
  17  15:34  SCV  
  19  15:41  SCV  
  20  15:46  SCV  
  20  15:49  Missile Turret  
Show
View Real Time Build Order
Export as new Build Order

ZOMBIE Zerg - Winner!

Build Orders: Pool First 

Get SALT Encoding   

  12  0:04  Drone  
  13  0:23  Spawning Pool  
  12  0:30  Drone x2  
  14  0:41  Extractor  
  13  0:43  Drone  
  13  0:45  Overlord  
  14  1:11  Zergling x4  
  16  1:13  Queen  
  16  1:17  Zergling x2  
  19  1:34  Zergling x2  
  20  1:40  Metabolic Boost  
  20  1:47  Zergling x2  
  20  1:48  Zergling x2  
  22  2:05  Hatchery  
  21  2:13  Drone  
  22  2:24  Overlord  
  22  2:50  Zergling x8  
  23  3:09  Lair  
  22  3:14  Drone x3  
  22  3:15  Drone  
  24  3:32  Queen  
  24  3:33  Drone  
  27  3:37  Drone  
  28  3:51  Drone x2  
  30  4:09  Spine Crawler  
  29  4:13  Drone  
  29  4:14  Drone x6  
  36  4:21  Extractor  
  35  4:26  Drone  
  35  4:27  Spire  
  35  4:32  Drone  
  35  4:36  Extractor  
  35  4:45  Drone  
  35  4:47  Overlord x2  
  36  5:00  Spine Crawler  
  36  5:02  Drone  
  36  5:03  Overlord  
  36  5:20  Drone, Extractor  
  36  5:21  Drone x5  
  41  5:33  Hatchery  
  40  5:38  Drone x2  
  40  5:39  Drone  
  40  5:41  Drone  
  40  5:42  Drone  
  45  5:48  Drone x2  
  47  5:57  Queen  
  47  5:58  Drone  
  50  6:05  Zerg Flyer Weapons Level 1  
  50  6:07  Drone  
  51  6:13  Queen  
  51  6:14  Drone  
  54  6:22  Drone x2  
  54  6:23  Drone, Spore Crawler  
  56  6:27  Drone  
  56  6:28  Drone x2  
  59  6:58  Drone x6  
  59  6:59  Drone  
  59  7:00  Overlord x3  
  59  7:01  Overlord  
  66  7:03  Overlord x2  
  66  7:08  Spore Crawler  
  65  7:24  Infestation Pit  
  65  7:28  Extractor  
  63  7:30  Extractor  
  63  7:31  Drone x7  
  63  7:32  Drone x3  
  72  7:37  Spore Crawler  
  71  8:02  Mutalisk  
  71  8:03  Mutalisk x9  
  91  8:08  Overseer  
  91  8:15  Hatchery  
  90  8:22  Drone x4  
  90  8:23  Drone x6  
  99  8:34  Zerg Flyer Weapons Level 2  
  96  8:36  Hive  
  96  8:41  Spire  
  95  8:53  Mutalisk x7  
  109  9:07  Spore Crawler, Extractor  
  107  9:11  Extractor  
  106  9:17  Overlord x2  
  106  9:18  Overlord x2  
  104  9:39  Drone x5, Spore Crawler, Mutalisk  
  104  9:40  Drone, Spore Crawler, Mutalisk x6  
  104  9:42  Spore Crawler  
  121  9:48  Drone x2  
  121  9:49  Drone x4, Spore Crawler  
  126  9:53  Drone x4  
  130  10:04  Zerg Flyer Armor Level 1  
  130  10:24  Mutalisk x7  
  130  10:26  Overlord  
  130  10:27  Overlord x4  
  144  10:36  Overlord x3  
  144  10:51  Spore Crawler  
  144  10:52  Drone x2, Spore Crawler x2  
  144  10:53  Mutalisk x5  
  144  10:54  Mutalisk  
  155  11:03  Spore Crawler  
  155  11:04  Drone x6  
  156  11:08  Drone  
  156  11:09  Drone x4  
  156  11:11  Overlord  
  165  11:26  Mutalisk x6  
  176  11:38  Spore Crawler  
  175  11:44  Hatchery  
  174  11:48  Mutalisk x6  
  174  11:52  Extractor  
  183  11:55  Extractor  
  171  12:09  Queen  
  171  12:12  Drone x2  
  171  12:13  Drone x2  
  177  12:24  Hydralisk Den  
  177  12:27  Evolution Chamber  
  177  12:29  Mutalisk, Evolution Chamber  
  174  12:30  Mutalisk x9  
  174  12:31  Mutalisk  
  196  12:47  Mutalisk x2  
  196  12:49  Overlord  
  196  12:50  Overlord x3  
  200  13:03  Zerg Flyer Weapons Level 3, Zerg Flyer Armor Level 2  
  200  13:30  Muscular Augments  
  200  13:35  Zerg Ground Armor Level 1, Zerg Missile Weapons Level 1  
  200  15:07  Hatchery  
  189  15:45  Unknown  
Show
View Real Time Build Order
Export as new Build Order

casicomoclem Zerg - Winner!

Build Orders: Pool First 

Get SALT Encoding   

  12  0:00  Drone  
  13  0:08  Drone  
  14  0:20  Extractor  
  13  0:21  Drone, Extractor  
  13  0:22  Drone  
  16  0:38  Spawning Pool  
  16  0:42  Extractor  
  14  0:47  Overlord  
  14  0:58  Drone, Extractor  
  15  1:06  Drone x2  
  15  1:10  Drone  
  18  1:27  Hatchery  
  18  1:31  Zergling x2  
  18  1:32  Zergling x2  
  19  1:44  Metabolic Boost  
  19  1:48  Zergling x2  
  19  1:53  Zergling x2  
  21  2:06  Zergling x2  
  22  2:20  Overlord  
  22  2:37  Queen  
  22  2:39  Zergling x4  
  24  2:51  Zergling x6  
  27  3:05  Zergling x4  
  27  3:34  Zergling x12  
  28  3:45  Zergling x2  
  28  3:59  Zergling x6  
  29  4:10  Extractor  
  29  4:14  Spine Crawler  
  28  4:18  Baneling Nest  
  28  4:23  Drone x3  
  28  4:24  Drone  
  31  4:35  Drone x2  
  33  4:42  Hatchery  
  33  4:44  Drone x3  
  33  4:45  Drone  
  36  4:54  Overlord x2  
  36  4:55  Overlord  
  36  5:07  Lair  
  36  5:13  Drone x2  
  36  5:14  Drone  
  39  5:23  Drone x2  
  39  5:28  Drone x4  
  45  5:36  Queen  
  45  5:40  Extractor  
  45  5:42  Drone x2, Extractor  
  47  5:59  Drone x4  
  47  6:01  Queen  
  53  6:10  Drone x4  
  53  6:11  Drone  
  58  6:16  Spire  
  57  6:22  Drone x3  
  60  6:33  Drone x5  
  65  6:45  Drone  
  66  6:47  Centrifugal Hooks  
  66  6:57  Hatchery  
  66  7:01  Burrow  
  65  7:11  Overlord  
  65  7:12  Overlord x3  
  65  7:39  Overlord x2  
  65  7:40  Mutalisk x2  
  65  7:41  Mutalisk x8  
  85  7:50  Zerg Flyer Weapons Level 1  
  85  8:02  Baneling x3  
  85  8:03  Baneling x5  
  85  8:20  Extractor  
  85  8:23  Extractor  
  83  8:39  Mutalisk x4  
  87  9:03  Mutalisk  
  87  9:04  Mutalisk  
  91  9:12  Spore Crawler  
  91  9:15  Spore Crawler  
  89  9:24  Mutalisk x3  
  95  9:35  Mutalisk x2  
  99  10:01  Mutalisk x2  
  99  10:03  Overlord x3  
  99  10:04  Overlord x4  
  103  10:15  Zerg Flyer Weapons Level 2  
  101  10:28  Pneumatized Carapace  
  99  10:48  Mutalisk  
  99  10:49  Mutalisk x4  
  109  11:29  Hatchery  
  92  11:53  Mutalisk  
  92  11:54  Mutalisk x5  
  96  12:06  Mutalisk  
  96  12:07  Mutalisk x5  
  96  12:08  Mutalisk  
  108  12:17  Mutalisk  
  108  12:20  Zergling x2  
  89  12:30  Mutalisk x2  
  89  12:31  Zerg Flyer Armor Level 1  
  93  12:58  Mutalisk x3  
  94  13:06  Mutalisk x3  
  100  13:31  Extractor  
  100  13:32  Extractor  
  98  13:43  Mutalisk x6  
  110  13:55  Overlord x5  
  110  14:25  Drone x4  
  110  14:26  Drone x3  
  117  14:45  Drone  
  117  14:46  Drone x7  
  117  14:47  Drone x7  
  132  14:58  Spore Crawler  
  131  15:00  Spore Crawler  
  131  15:01  Mutalisk  
  131  15:02  Spore Crawler, Mutalisk x3  
  137  15:34  Overlord x4  
  137  15:35  Spore Crawler, Overlord x6  
  136  15:36  Overlord x2  
  136  15:42  Baneling x6  
Tags
 
Add a new tag
Caveats
  • Supply blocks, unpowered buildings, or Contaminate may cause inaccurate times.
  • Supply counts are checked every 10 seconds.